 Dungeon Crawl Stone Soup version 0.27-a0-96-gb51a1d6fd6 (webtiles) character file.

Game seed: 1841973012778315450

141 knot the Chopper (level 5, 32/63 HPs)
             Began as a Demonspawn Berserker on Jan 19, 2021.
             Was a Believer of Trog.
             Quit the game on level 4 of the Dungeon.
             The game lasted 00:03:05 (4635 turns).

knot the Chopper (Demonspawn Berserker)             Turns: 4635, Time: 00:03:06

Health: 32/63      AC:  5    Str: 17    XL:     5   Next: 3%
Magic:  5/5        EV: 12    Int: 10    God:    Trog [**....]
Gold:   165        SH:  0    Dex: 12    Spells: 4/4 levels left

rFire    . . .     SeeInvis .   b - +3 flail (venom)
rCold    . . .     Faith    .   (no shield)
rNeg     . . .     Spirit   .   t - +0 leather armour (curse)
rPois    .         Reflect  .   (no helmet)
rElec    .         Harm     .   o - +0 cloak
rCorr    .         Rampage  .   (no gloves)
Will     .....                  (no boots)
Stlth    ..........             (no amulet)
HPRegen  1.20/turn              f - ring of flight
MPRegen  0.09/turn              (no ring)

@: berserking (expiring), very quick
A: claws 1, rugged brown scales 1, powered by death 1
a: Renounce Religion, Evoke Flight, Berserk, Trog's Hand


You were on level 4 of the Dungeon.
You worshipped Trog.
Trog was pleased with you.
You visited 1 branch of the dungeon, and saw 4 of its levels.

You collected 165 gold pieces.

Inventory:

Hand Weapons
 a - a +0 hand axe
 b - a +3 flail of venom (weapon)
Missiles
 d - 125 stones
 q - 20 sling bullets
 r - 4 javelins (quivered)
Armour
 o - a +0 cloak (worn)
 t - a cursed +0 leather armour (worn)
Jewellery
 f - a ring of flight (left claw)
Wands
 j - a wand of paralysis (5)
Scrolls
 c - 6 scrolls of identify {unknown}
 g - a scroll of blinking {unknown}
 i - a scroll of magic mapping {unknown}
 k - 2 scrolls of fear {unknown}
 l - 3 scrolls of remove curse {unknown}
 m - 3 scrolls of enchant weapon {unknown}
 v - a scroll of teleportation {unknown}
Potions
 e - a potion of lignification {unknown}
 h - a potion of magic {unknown}
 n - a potion of ambrosia {unknown}
 p - a potion of brilliance {unknown}
 s - a potion of haste {unknown}
 u - a potion of curing {unknown}


   Skills:
 - Level 3.0 Fighting
 * Level 5.2 Axes
 * Level 0.4 Throwing
 - Level 1.7 Armour
 - Level 1.7 Dodging


You had 4 spell levels left.
You didn't know any spells.
Your spell library was empty.

Dungeon Overview and Level Annotations

Branches:
Dungeon (4/15)
 Temple: D:4-7

Altars:
Nemelex Xobeh
Wu Jian


Innate Abilities, Weirdness & Mutations

You have sharp fingernails.
You are partially covered in rugged brown scales. (AC +1, +3% HP)
You regenerate a little health from kills.


Message History

You kill the leopard gecko!
Trog accepts your kill.
The gnoll hits you from afar with a +0 spear.
A gnoll comes into view. It is wielding a +0 whip.
The gnoll shouts!
The hound skeleton bites you but does no damage.
The gnoll barely misses you.
You see here a leopard gecko corpse.
You sock the hound skeleton!
The hound skeleton is moderately damaged.
The hound skeleton bites you but does no damage.
The gnoll completely misses you. The gnoll closely misses you.
You thump the hound skeleton!
You destroy the hound skeleton!
Trog accepts your kill. The gnoll barely misses you.
You have reached level 5!
Your demonic ancestry asserts itself...
Rugged brown scales grow over part of your body.
Are you sure you want to abandon this character and quit the game? (Confirm with "yes".)

### ###### ....
#. .$#
##.g.#.##.#
..(..g.#..#######
......g@#.......#
..#.##.#..#####.#
#.##.# #.# #. ..#
#.# ##########.#
#.....# #.#####
#.#.##
###....#####


You could see 3 gnolls.

Vanquished Creatures
  An orc wizard (D:3)
  A hound skeleton (D:4)
  2 adders (D:2)
  2 dart slugs
  2 leopard geckos
  10 orcs
  2 giant cockroaches (D:1)
  4 hobgoblins
  8 jackals (D:1)
  3 quokkas
  A ball python skeleton (D:2)
  7 bats
  7 frilled lizards
  7 goblins
  5 kobolds
  3 rats
65 creatures vanquished.

Notes
Turn   | Place    | Note
-------+----------+-------------------------------------------
     0 | D:1      | knot the Demonspawn Berserker began the quest for the Orb.
     0 | D:1      | Reached XP level 1. HP: 18/18 MP: 1/1
    57 | D:1      | Reached skill level 3 in Axes
   245 | D:1      | Gained mutation: You have sharp fingernails. [demonic
                  | ancestry]
   245 | D:1      | Reached XP level 2. HP: 19/24 MP: 2/2
  1205 | D:2      | Reached XP level 3. HP: 29/29 MP: 3/3
  1295 | D:2      | Reached ** piety under Trog
  1445 | D:2      | Reached skill level 4 in Axes
  2366 | D:2      | Found an ornate altar of the Wu Jian Council.
  2366 | D:2      | Found a sparkling altar of Nemelex Xobeh.
  2938 | D:2      | Gained mutation: You regenerate a little health from kills.
                  | [demonic ancestry]
  2938 | D:2      | Reached XP level 4. HP: 28/35 MP: 4/4
  3602 | D:3      | Reached skill level 5 in Axes
  4635 | D:4      | Gained mutation: You are partially covered in rugged brown
                  | scales. (AC +1, +3% HP) [demonic ancestry]
  4635 | D:4      | Reached XP level 5. HP: 32/42 MP: 5/5
  4635 | D:4      | Quit the game

Illustrated notes

Levels and vault maps discovered:
D:1:      heliophobic_arrival_glass_houses, layout_basic, minmay_heptomino_h4
D:2:      minmay_angry_zag, layout_basic, amethyst_overflow_temple_binary,
          wad_orctagon
D:3:      layout_loops_cross
D:4:      layout_loops_corners, temple_pool_b, uniq_menkaure, uniq_grinder

Skill      XL: |  1  2  3  4 |
---------------+-------------+-----
Axes           | 3 4 5 |  5.2
Fighting       | |  3.0
Throwing       | |  0.4
Armour         | |  1.7
Dodging        | |  1.7

Action                   |  1- 3 |  4- 6 || total
-------------------------+-------+-------++-------
Melee: Hand axe          |   128 |    38 ||   166
       Flail             |       |    12 ||    12
Throw: Javelin           |       |     4 ||     4
Invok: Berserk           |     5 |     4 ||     9
       Trog's Hand       |       |     2 ||     2
  Use: Potion            |       |     1 ||     1
 Stab: Sleeping          |     1 |       ||     1
Armor: Animal skin       |    23 |     6 ||    29
       Leather armour    |       |    15 ||    15
Dodge: Dodged            |    90 |    42 ||   132

Table legend: (Time is in decaauts)
 A = Elapsed time spent in this place.
 B = Non-inter-level travel time spent in this place.
 C = Inter-level travel time spent in this place.
 D = Time resting spent in this place.
 E = Time spent auto-exploring this place.
 F = Levels seen in this place.
 G = Mean time per level.
                   A        B        C        D        E       F      G
               +--------+--------+--------+--------+--------+-----+--------+
         Total |   4732 |   4560 |    172 |   2092 |   2051 |   4 | 1183.0 |
       Dungeon |   4732 |   4560 |    172 |   2092 |   2051 |   4 | 1183.0 |
               +--------+--------+--------+--------+--------+-----+--------+

Top non-repeatable levels by time:
     D:2: 2184 daAuts
     D:3: 1306 daAuts
     D:1: 1203 daAuts
     D:4: 37 daAuts
